 Dungeon Crawl Stone Soup version 0.29-a0-504-gec6baf379c (webtiles) character file.

Game seed: 4353831261907686330

526 Morbidden the Sneak (level 7, -1/61 HPs)
             Began as a Naga Enchanter on May 27, 2022.
             Slain by Grinder (6 damage)
             ... on level 5 of the Dungeon.
             The game lasted 00:05:56 (6089 turns).

Morbidden the Sneak (Naga Enchanter)                Turns: 6089, Time: 00:05:57

Health: -1/61      AC:  3    Str: 10    XL:     7   Next: 23%
Magic:  3/11       EV: 10    Int: 17    God:
Gold:   208        SH:  0    Dex: 12    Spells: 4/12 levels left

rFire   . . .      SeeInvis +   a - +2 dagger
rCold   . . .      Faith    .   (no shield)
rNeg    . . .      Spirit   .   b - +0 robe
rPois   +          Reflect  .   (no helmet)
rElec   .          Harm     .   (no cloak)
rCorr   .          Rampage  .   (no gloves)
Will    .....                   (no barding)
Stlth   +++.......              (no amulet)
HPRegen 0.20/turn               (no ring)
MPRegen 0.12/turn               (no ring)

@: lethally poisoned (-1 -> -3), very slow
A: AC +2, large, see invisible, deformed body, poison resistance, slowness 2,
spit poison 1, naga tail 1
a: Spit Poison


You were on level 5 of the Dungeon.
You visited 1 branch of the dungeon, and saw 5 of its levels.

You collected 208 gold pieces.

Inventory:

Hand Weapons
 a - a +2 dagger (weapon)
Armour
 b - a +0 robe (worn)
Scrolls
 e - 2 scrolls of magic mapping
 f - 3 scrolls of enchant weapon
 h - a scroll of silence
 j - 4 scrolls of identify
 n - a scroll of teleportation
Potions
 c - 4 potions of invisibility
 d - a potion of might
 g - 2 potions of degeneration {unknown}
 i - a potion of curing
 o - 2 potions of flight {unknown}
 p - a potion of attraction {unknown}


   Skills:
 * Level 2.4 Fighting
 * Level 3.0 Short Blades
 * Level 2.6 Dodging
 + Level 6.3 Stealth
 * Level 3.1 Spellcasting
 * Level 4.2 Hexes
 * Level 2.1 Ice Magic


You had 4 spell levels left.
You knew the following spells:

 Your Spells              Type           Power      Damage    Failure   Level
a - Ensorcelled Hibernat  Hex/Ice        26%        N/A       7%          2
b - Confusing Touch       Hex            16%        N/A       10%         3
z - Tukima's Dance        Hex            16%        N/A       10%         3

Your spell library contained the following spells:

 Spells                   Type           Power      Damage    Failure   Level
 Beastly Appendage        Tmut           4%         N/A       17%         1
 Dazzling Flash           Conj/Hex       18%        N/A       22%         3
 Sublimation of Blood     Necr           2%         N/A       26%         2
 Wereblood                Tmut           2%         N/A       26%         2
 Spider Form              Tmut/Pois      2%         N/A       45%         3
 Petrify                  Tmut/Erth      2%         N/A       86%         4
 Irradiate                Conj/Tmut      1%         3d13      99%         5


Dungeon Overview and Level Annotations

Branches:
Dungeon (5/15)
 Temple: D:4-7

Altars:
Uskayaw

Shops:
D:1 (   D:4 (

Annotations:
D:5 Grinder, Prince Ribbit


Innate Abilities, Weirdness & Mutations

Your serpentine skin is tough. (AC +2)
You have supernaturally acute eyesight. (SInv)
Armour fits poorly on your strangely shaped body.
Your system is resistant to poisons. (rPois)
You cover ground very slowly.
You can spit poison.
You have a snake-like lower body.


Message History

Press: ? - help, Shift-Dir - straight line, f/p - scorpion
Aim: a scorpion (chance to affect: 47%)
The scorpion looks drowsy...
You feel sick. Grinder hits you!
* * * LOW HITPOINT WARNING * * *
Prince Ribbit completely misses you.
Unknown command.
Unknown command.
Unknown command.
Unknown command.
The helpless scorpion fails to defend itself.
You impale the scorpion!!
You kill the scorpion!
You feel sick. Prince Ribbit hits you.
* * * LOW HITPOINT WARNING * * *
Your Short Blades skill increases to level 3!
Unknown command.
Unknown command.
Unknown command.
Unknown command.
Casting: Ensorcelled Hibernation (safe; 7% risk of failure)
Confirm with . or Enter, or press ? or * to list all spells.
Aiming: Ensorcelled Hibernation (safe; 7% risk of failure)
Press: ? - help, Shift-Dir - straight line, f - Prince Ribbit
Aim: Prince Ribbit (chance to affect: 29%) Prince Ribbit looks drowsy...
You feel sick.
Unknown command.
Unknown command.
Unknown command.
The helpless Prince Ribbit fails to defend himself.
You impale Prince Ribbit!!
Prince Ribbit is severely wounded.
You feel sick. Prince Ribbit closely misses you.
Unknown command.
Unknown command.
You completely miss Prince Ribbit.
Prince Ribbit is severely wounded.
You feel sick.
Prince Ribbit hits you but does no damage.
Grinder hits you.
You die...

**,,,,,,,...<....## *##.,,,,,,,,,
**,,,,,,..........###...,,*******
,,,*,,,,...............,,** *
*,*,,,,,.............#**,,**
,,,*,*,,............#* **,,**
,*,,***,............## **,,** *
,,,,,,*,.............# *,,,****
,,,,,,,,......>5..$..# **,,,*,,
,,,,,,,,,....##.@....#* **,,,,,
***,*,,,,.,,,,#F......#* ***,,,*
*,,,*,,,,,,,...........#***,,,,**
*,***,,,,,...............,,,,,,,*
,,,,,,,,,.........#.......,,*,,,*
*,***,,,,........##....##.,***,,,
,,*,*,,,,.......##,...##*,,* **,,
***,*,,,,......#*,,..## *,,*****,
,,,,,,,,,**,,*,,,,,,,* **,,,,***,


You could see Prince Ribbit and Grinder (confused).

Vanquished Creatures
  A centaur (D:3)
  A phantom (D:4)
  2 scorpions (D:5)
  An orc priest (D:3)
  2 iguanas
  2 orc wizards
  3 adders (D:2)
  A worm (D:2)
  3 dart slugs
  8 orcs
  5 endoplasms
  4 giant cockroaches
  6 hobgoblins
  12 kobolds
  7 quokkas
  4 ball pythons
  7 bats
  6 frilled lizards
  3 goblins
  10 rats
88 creatures vanquished.

Notes
Turn   | Place    | Note
-------+----------+-------------------------------------------
     0 | D:1      | Morbidden the Naga Enchanter began the quest for the Orb.
     0 | D:1      | Reached XP level 1. HP: 15/15 MP: 3/3
     0 | D:1      | Found Acunavi's Weapon Emporium.
   709 | D:1      | Reached XP level 2. HP: 22/22 MP: 5/5
  1211 | D:1      | Reached XP level 3. HP: 5/30 MP: 6/6
  1246 | D:1      | Learned a level 2 spell: Ensorcelled Hibernation
  2153 | D:2      | Reached skill level 5 in Stealth
  2366 | D:2      | Reached XP level 4. HP: 21/37 MP: 0/7
  2510 | D:2      | Reached skill level 1 in Fighting
  2713 | D:2      | Found a hide-covered altar of Uskayaw.
  2741 | D:2      | Found a faded altar of an unknown god.
  3072 | D:3      | Reached XP level 5. HP: 12/44 MP: 2/8
  3504 | D:3      | Reached skill level 1 in Ice Magic
  3517 | D:3      | Learned a level 3 spell: Confusing Touch
  3521 | D:3      | Learned a level 3 spell: Tukima's Dance
  3882 | D:3      | Noticed a centaur
  3896 | D:3      | Killed a centaur
  3897 | D:3      | Reached XP level 6. HP: 6/52 MP: 2/10
  3897 | D:3      | HP: 2/52 [hobgoblin (4)]
  4138 | D:3      | Reached skill level 6 in Stealth
  5090 | D:4      | Found Jucweu's Weapon Shop.
  6026 | D:5      | Entered Level 5 of the Dungeon
  6030 | D:5      | Noticed Grinder
  6048 | D:5      | Reached XP level 7. HP: 60/61 MP: 11/11
  6074 | D:5      | Noticed Prince Ribbit
  6089 | D:5      | Slain by Grinder

Illustrated notes

Levels and vault maps discovered:
D:1:      lightli_arrival_chessboard, layout_loops_cross, serial_shops, shop,
          serial_forest, infiniplex_forest_end_1,
          infiniplex_forest_clump_curved, infiniplex_forest_zigzag_1,
          infiniplex_forest_corner_1, infiniplex_forest_clump_medium,
          infiniplex_forest_3_way, infiniplex_forest_lined_3_way, st_stairs_14,
          hangedman_decor_points
D:2:      layout_basic, basic_altar, ebering_ecumenical_altar_box
D:3:      layout_basic, minmay_pentangle
D:4:      layout_basic, serial_shops, shop
D:5:      layout_layer_cave, minmay_misc_feat_roman, uniq_prince_ribbit1,
          uniq_grinder, uniq_eustachio

Skill      XL: |  1  2  3  4  5  6  7 |
---------------+----------------------+-----
Stealth        | 5 6 |  6.3
Fighting       | 1 2 |  2.4
Dodging        | 2 |  2.6
Ice Magic      | 1 2 |  2.1
Short Blades   | 2 3 |  3.0
Spellcasting   | 3 |  3.1
Hexes          | 4 |  4.2

Action                   |  1- 3 |  4- 6 |  7- 9 || total
-------------------------+-------+-------+-------++-------
Melee: Dagger            |   104 |   176 |    10 ||   290
       Punch             |     1 |       |       ||     1
 Cast: Ensorcelled Hiber |     7 |    21 |     3 ||    31
       Confusing Touch   |       |     1 |     1 ||     2
 Abil: Spit Poison       |     5 |     4 |       ||     9
  Use: Potion            |       |     4 |       ||     4
       Scroll            |       |     9 |       ||     9
 Stab: Sleeping          |    10 |    23 |     2 ||    35
       Confused          |       |     1 |     1 ||     2
Armor: Robe              |    21 |    40 |     2 ||    63
Dodge: Dodged            |    49 |   100 |     9 ||   158

Table legend: (Time is in decaauts)
 A = Elapsed time spent in this place.
 B = Non-inter-level travel time spent in this place.
 C = Inter-level travel time spent in this place.
 D = Time resting spent in this place.
 E = Time spent auto-exploring this place.
 F = Levels seen in this place.
 G = Mean time per level.
                   A        B        C        D        E       F      G
               +--------+--------+--------+--------+--------+-----+--------+
         Total |   7171 |   6998 |    173 |   1520 |   4653 |   5 | 1434.2 |
       Dungeon |   7171 |   6998 |    173 |   1520 |   4653 |   5 | 1434.2 |
               +--------+--------+--------+--------+--------+-----+--------+

Top non-repeatable levels by time:
     D:1: 2313 daAuts
     D:3: 1911 daAuts
     D:4: 1843 daAuts
     D:2: 1037 daAuts
     D:5: 65 daAuts
